 Dungeon Crawl Stone Soup version 0.26-a0-30-g56b8cd3df0 (webtiles) character file.

Game seed: 17036646902736703498, levelgen mode: deterministic

242 vurker the Grave Robber (level 5, -3/39 HPs)
             Began as a Demonspawn Necromancer on June 3, 2020.
             Killed by nerve-wracking pain
             ... invoked by an orc priest
              (7 damage)
             ... on level 3 of the Dungeon.
             The game lasted 00:06:33 (4343 turns).

vurker the Grave Robber (Demonspawn Necromancer)    Turns: 4343, Time: 00:06:34

Health: -3/39      AC:  3    Str:  8    XL:     5   Next: 82%
Magic:  2/10       EV: 12    Int: 17    God:
Gold:   143        SH:  0    Dex: 14    Spells: 3/11 levels left

rFire    . . .     SeeInvis .   (no weapon)
rCold    . . .     Gourm    .   (no shield)
rNeg     . . .     Faith    .   a - +0 robe
rPois    +         Spirit   .   (no helmet)
rElec    .         Reflect  .   (no cloak)
rCorr    .         Harm     .   (no gloves)
MR       .....                  (no boots)
Stlth    ++........             (no amulet)
HPRegen  0.13/turn              g - ring of poison resistance
MPRegen  0.12/turn              (no ring)

@: no status effects
A: claws 1, rugged brown scales 1
a: no special abilities


You were on level 3 of the Dungeon.
You were near starving.

You visited 1 branch of the dungeon, and saw 3 of its levels.

You collected 143 gold pieces.

Inventory:

Hand Weapons
 b - a +0 dagger
   (You took it off a goblin on level 1 of the Dungeon)
Armour
 a - a +0 robe (worn)
Jewellery
 g - a ring of poison resistance (left claw)
   (You found it on level 1 of the Dungeon)
Scrolls
 c - a scroll of remove curse {unknown}
 d - 6 scrolls of identify {unknown}
 i - 2 scrolls of enchant weapon {unknown}
 p - 3 scrolls of amnesia {unknown}
 q - 2 scrolls of teleportation {unknown}
Potions
 f - a potion of invisibility {unknown}
 h - a potion of brilliance {unknown}
 j - a potion of resistance {unknown}
 k - 2 potions of curing {unknown}
 l - 3 potions of degeneration {unknown}
 m - 2 potions of might {unknown}
 n - a potion of magic {unknown}
 o - a potion of flight {unknown}
Comestibles
 e - 5 rations


   Skills:
 + Level 2.2 Fighting
 - Level 1.7 Dodging
 - Level 1.7 Stealth
 * Level 3.9 Spellcasting
 * Level 6.0 Necromancy


You had 3 spell levels left.
You knew the following spells:

 Your Spells              Type           Power        Failure   Level  Hunger
a - Pain                  Necr           ###.         1%          1    None
c - Vampiric Draining     Necr           ###.......   4%          3    ###....
q - Animate Dead          Necr           N/A          13%         4    ####...

Your spell library contained the following spells:

 Spells                   Type           Power        Failure   Level  Hunger
 Animate Skeleton         Necr           N/A          1%          1    None
 Agony                    Necr           ###.....     36%         5    ######.


Dungeon Overview and Level Annotations

Branches:
Dungeon (3/15)

Altars:
Gozag
Qazlal

Annotations:
D:3 1 runed translucent door


Innate Abilities, Weirdness & Mutations

You have sharp fingernails.
You are partially covered in rugged brown scales. (AC +1, +3% HP)


Message History

Gang up on whom?
Aim: an orc priest Attack!
Your adder skeleton closely misses the orc.
Your jackal skeleton misses the orc priest.
The orc priest looks satisfied for a moment.
The orc closely misses you. The orc hits you but does no damage.
You scratch the orc.
Your adder skeleton bites the orc.
Your jackal skeleton misses the orc priest.
The orc priest barely misses your jackal skeleton.
You scratch the orc but do no damage. The orc barely misses you.
The orc hits you with a +0 club.
* * * LOW HITPOINT WARNING * * *
Your adder skeleton bites the orc.
Your jackal skeleton closely misses the orc priest.
The orc priest hits your jackal skeleton.
Your jackal skeleton is destroyed!
Aim: an orc, wielding a +0 club (almost dead)
You kill the orc!
The orc hits you but does no damage.
The orc priest hits your adder skeleton.
You closely miss the orc.
Your adder skeleton bites the orc priest but does no damage.
The orc barely misses you.
The orc priest barely misses your adder skeleton.
Your adder skeleton barely misses the orc priest.
The orc hits your adder skeleton with a +0 club!
Your adder skeleton is destroyed!
The orc priest hits you but does no damage.
Things that are here:
a +0 club; a +0 hand axe You scratch the orc priest.
The orc priest calls upon Beogh to heal the orc.
The orc's wounds heal themselves!
You scratch the orc priest but do no damage.
The orc hits you but does no damage. The orc priest hits you.
* * * LOW HITPOINT WARNING * * *
Aim: an orc priest (moderately wounded)
You feel life coursing into your body. The orc hits you with a +0 club.
* * * LOW HITPOINT WARNING * * *
The orc priest completely misses you.
You don't have enough magic to cast that spell.
You barely miss the orc priest. The orc hits you with a +0 club.
* * * LOW HITPOINT WARNING * * *
The orc priest completely misses you.
You barely miss the orc priest. The orc hits you with a +0 club.
* * * LOW HITPOINT WARNING * * *
The orc priest invokes the aid of Beogh against you.
Pain shoots through your body!
You die...

#.........# #.........#
#.........# #.........#
#.........#
#.........####.. ...
#....o....'........
#...@o....###.....
#...).....'......
#.........###.#'#
###.............#.#
#.......###.#.....#
#.......###'#'#.#.#####
#......................
#######....>...........
#............##Z.


You could see an orc priest and an orc.

Vanquished Creatures
  An orc priest (D:3)
  7 adders
  An ooze (D:1)
  A worm (D:2)
  A dart slug (D:1)
  5 leopard geckos
  9 orcs (D:3)
  A ball python (D:2)
  3 giant cockroaches
  7 hobgoblins
  15 jackals
  8 kobolds
  A quokka (D:3)
  11 bats
  5 frilled lizards
  13 goblins
  5 rats
94 creatures vanquished.

Vanquished Creatures (collateral kills)
  A crimson imp (D:3)
  An adder (D:3)
2 creatures vanquished.

Grand Total: 96 creatures vanquished

Notes
Turn   | Place    | Note
-------+----------+-------------------------------------------
     0 | D:1      | vurker the Demonspawn Necromancer began the quest for the
                  | Orb.
     0 | D:1      | Reached XP level 1. HP: 13/13 MP: 3/3
    25 | D:1      | Noticed a hound
    25 | D:1      | Noticed a water moccasin
    25 | D:1      | Noticed a lindwurm
    25 | D:1      | Noticed a wyvern
    25 | D:1      | Noticed a black bear
   177 | D:1      | Gained mutation: You are partially covered in rugged brown
                  | scales. (AC +1, +3% HP) [demonic ancestry]
   177 | D:1      | Reached XP level 2. HP: 8/20 MP: 0/5
   881 | D:1      | Reached skill level 1 in Fighting
   884 | D:1      | Reached XP level 3. HP: 22/26 MP: 1/6
  1576 | D:2      | Reached skill level 5 in Necromancy
  1786 | D:1      | Learned a level 3 spell: Vampiric Draining
  2242 | D:2      | Gained mutation: You have sharp fingernails. [demonic
                  | ancestry]
  2242 | D:2      | Reached XP level 4. HP: 26/32 MP: 0/8
  2483 | D:2      | Found a stormy altar of Qazlal.
  2483 | D:2      | Found an opulent altar of Gozag.
  3124 | D:3      | Learned a level 4 spell: Animate Dead
  3325 | D:3      | Found a runed translucent door.
  3404 | D:3      | Reached XP level 5. HP: 25/39 MP: 3/10
  4330 | D:3      | Reached skill level 6 in Necromancy
  4343 | D:3      | Killed from afar by an orc priest

Illustrated notes

Levels and vault maps discovered:
D:1:      onia_arrival_zoo_common, layout_loops_ring, minivault_5, minivault_11
D:2:      layout_loops_cross, gammafunk_temple_overflow_elements
D:3:      layout_basic, ebering_ghost_reflecting_pool

Skill      XL: |  1  2  3  4  5 |
---------------+----------------+-----
Fighting       | 1 2 |  2.2
Necromancy     | 5 6 |  6.0
Spellcasting   | 3 |  3.9
Dodging        | |  1.7
Stealth        | |  1.7

Action                   |  1- 3 |  4- 6 || total
-------------------------+-------+-------++-------
Melee: Dagger            |     9 |    26 ||    35
       Unarmed           |       |    48 ||    48
 Cast: Pain              |    79 |    80 ||   159
       Vampiric Draining |       |     6 ||     6
       Animate Dead      |       |     1 ||     1
  Eat: Chunk             |     4 |     6 ||    10
Armor: Robe              |     7 |    19 ||    26
Dodge: Dodged            |    32 |    57 ||    89

Table legend:
 A = Non-vault XP
 B = Vault XP
 C = Vault XP percentage of total XP
 D = Non-vault monster count
 E = Vault monster count
 F = Vault count percentage of total count
                 A         B        C        D         E       F
            +---------+---------+-------+---------+---------+-------
      Total |     347 |       0 |   0.0 |      96 |       0 |   0.0
            +---------+---------+-------+---------+---------+-------
        D:1 |      66 |       0 |   0.0 |      33 |       0 |   0.0
        D:2 |      63 |       0 |   0.0 |      24 |       0 |   0.0
        D:3 |     218 |       0 |   0.0 |      39 |       0 |   0.0
            +---------+---------+-------+---------+---------+-------
